[Event "Late-Titled-Tuesday-Blitz-March-19-2024"]
[Site "Chess.com"]
[Date "2024.03.19"]
[Round "2"]
[White "Kampkatten"]
[Black "mightysmasher"]
[Result "1-0"]
[WhiteElo "2845"]
[BlackElo "2598"]
[TimeControl "180+1"]
[EndTime "14:19:36 PDT"]
[Termination "Kampkatten won by checkmate"]

1. Nf3 d5 2. g3 Nf6 3. Bg2 e6 4. O-O Be7 5. c4 O-O 6. d4 c6 7.
Qc2 b6 8. Rd1 Bb7 9. b3 Na6 10.
Nc3 Rc8 11. e4 dxe4 12. Nxe4 Nxe4 13. Qxe4 Bf6 14. Bf4 Qe7 15. Ne5 Rfd8 16. h4 Nc7 17. Ng4 Ne8 18. Nxf6+ Nxf6 19. Qf3 Ba8 20. Qe2 c5 21. d5 Qb7 22. Bg5 Re8 23. Bxf6 gxf6 24. Qg4+ Kh8 25. Qf4 Kg7 26. Rd3 Rcd8 27. Rad1 a6 28.
Rf3 f5 29. Qg5+ Kh8 30. Qf6+ Kg8 31. g4 Qe7 32. Qxe7 Rxe7 33. gxf5 exd5 34. cxd5 Re5 35. f6 Kf8 36. Rg3 Rf5 37. Rg7 Rxf6 38. Rxh7 Kg8 39.
Rh5 Rg6 40. Kh2 Kf8 41. Re5 Rg4 42. Kh3 Rg6 43. h5 Rgd6 44. f4 Kg7 45. Rg5+ Kh6 46. Kg4 Bb7 47. Be4 Bc8+ 48. Kf3 Bb7 49. Rf5 R8d7 50.
Rd2 b5 51. Rc2 Bxd5 52. Bxd5 Rxd5 53. Rxc5 Rd3+ 54. Kg4 Rd1 55. Rf6+ Kh7 56. Rxa6 Rg1+ 57. Kf5 Rgd1 58. Kf6 Rf1 59. f5 Rfd1 60. Rxb5 Rh1 61. Kg5 Rg1+ 62. Kf4 Rd4+ 63. Ke5 Rd7 64. Rab6 Re1+ 65.
Kf6 Rh1 66. Rb7 Rd6+ 67. Kxf7 Rxh5 68. Ke7 Rd1 69. f6 Rxb5 70. Rxb5 Re1+ 71. Kf7 Rh1 72. Re5 Rh6 73. Ke7 Rxf6 74. Kxf6 Kg8 75. Rh5 Kf8 76. Rh8# 1-0

[Event "Late-Titled-Tuesday-Blitz-March-19-2024"]
[Site "Chess.com"]
[Date "2024.03.19"]
[Round "2"]
[White "simaopdias"]
[Black "Real_taiatai"]
[Result "1-0"]
[WhiteElo "2285"]
[BlackElo "2505"]
[TimeControl "180+1"]
[EndTime "14:19:36 PDT"]
[Termination "simaopdias won by checkmate"]

1. e3 d6 2. Nf3 g6 3. d4 Bg7 4. Bd3 Nd7 5. O-O e5 6. Re1 Ngf6 7. Nbd2 O-O 8. c3 Re8 9. e4 c6 10. h3 Qc7 11. Qc2 a6 12. a4 b6 13. Nc4 Bb7 14. dxe5 Nxe5 15. Ncxe5 dxe5 16. Be3 Rad8 17. Rad1 c5 18.
Bg5 h6 19. Bh4 g5 20. Bg3 Nh5 21. Bh2 Nf4 22. Bc4 Rxd1 23. Rxd1 Rd8 24. Kf1 Rxd1+ 25. Qxd1 Bxe4 26. Bxf4 exf4 27. Bxa6 c4 28. Nd2 Bd3+ 29. Kg1 f5 30. Qf3 Kf7 31. Qd5+ Kg6 32. Nxc4 Bxc4 33.
Bxc4 Qe7 34. Kh2 g4 35. hxg4 Qh4+ 36. Kg1 Qxg4 37. Qf7+ Kh7 38. Be6 Qd1+ 39. Kh2 Qd8 40. Bxf5+ Kh8 41. Qg6 Kg8 42. Qh7+ Kf8 43. Qg6 Kg8 44.
Qe6+ Kh8 45. Kh3 Bf8 46. Qe5+ Bg7 47. Qxf4 Qe8 48. Qe4 Qh5+ 49. Kg3 Qg5+ 50. Kf3 Qh5+ 51. g4 Qh1+ 52. Ke2 Qxe4+ 53. Bxe4 Kg8 54. Kd3 Kf8 55.
b4 Ke7 56. c4 Kd7 57. f4 Bf8 58. Bf5+ Kc6 59. Be4+ Kc7 60. Kc3 Bd6 61. f5 Be5+ 62.
Kb3 Bd6 63. Bd5 Be5 64. c5 bxc5 65. bxc5 Bf6 66. Kc4 Bb2 67. Kb5 Bf6 68. Bf3 Be7 69.
a5 Kb8 70. Kc6 Kc8 71. Be2 Kb8 72. Ba6 Ka7 73. Bb7 Bd8 74. a6 Kb8 75. Kd7 Bg5 76. c6 Bf4 77. f6 Ka7 78. f7 Bc7 79. f8=Q Bd8 80. Qc5+ Bb6 81. Qxb6+ Kxb6 82. c7 Ka7 83. c8=Q h5 84. Qc5+ Kb8 85. Kc6 hxg4 86. Kb6 g3 87. Qc7# 1-0

[Event "Late-Titled-Tuesday-Blitz-March-19-2024"]
[Site "Chess.com"]
[Date "2024.03.19"]
[Round "2"]
[White "MaxLeto"]
[Black "ritanovikova"]
[Result "1-0"]
[WhiteElo "2501"]
[BlackElo "2217"]
[TimeControl "180+1"]
[EndTime "14:19:36 PDT"]
[Termination "MaxLeto won on time"]

1. b3 Nf6 2. a3 g6 3. c3 Bg7 4.
d3 O-O 5. e3 d5 6. f3 e5 7. g3 e4 8. h3 exf3 9. Nxf3 c5 10. Qe2 Nc6 11. Bg2 Re8 12. O-O Qc7 13.
Qf2 Nh5 14. g4 Ng3 15. Re1 h5 16. gxh5 Nxh5 17. Bb2 Qe7 18. Nbd2 Be6 19. Nf1 Ne5 20. Nxe5 Bxe5 21. c4 Bxb2 22. Qxb2 Qg5 23. Kh2 dxc4 24. bxc4 Rab8 25. Qf2 Qe7 26. Rad1 Qd6+ 27. Kg1 Kg7 28.
Nh2 f5 29. Nf3 Qg3 30. Qb2+ Kg8 31. Qe5 Qxe5 32. Nxe5 Bf7 33. Nd7 Rbd8 34. Nxc5 Kg7 35. Nxb7 Rb8 36. c5 f4 37. Kf2 fxe3+ 38. Rxe3 Rec8 39.
Re7 Kf8 40. Rde1 Nf4 41. R1e3 Nxg2 42. Kxg2 Bd5+ 43. Kg3 Rxb7 44. Rxb7 Bxb7 45. d4 Bd5 46. Kf4 Kf7 47. Re5 Rd8 48. h4 Kf6 49. Ke3 a5 50.
Kd2 a4 51. Kc3 Bb3 52. Rg5 Re8 53. Kb4 Rb8+ 54. Ka5 Rd8 55. c6 Rxd4 56. Rc5 Rc4 57.
Rxc4 Bxc4 58. Kxa4 Be6 59. Ka5 Kf5 60. Kb6 Kg4 61.
a4 Kxh4 62. a5 g5 63. a6 g4 64. a7 g3 65. a8=Q g2 66. Qa1 Kg3 67. Qg1 1-0

[Event "Late-Titled-Tuesday-Blitz-March-19-2024"]
[Site "Chess.com"]
[Date "2024.03.19"]
[Round "2"]
[White "ExtremeLearner"]
[Black "MaiqMaster"]
[Result "1/2-1/2"]
[WhiteElo "2557"]
[BlackElo "2353"]
[TimeControl "180+1"]
[EndTime "14:19:37 PDT"]
[Termination "Game drawn by repetition"]

1. d4 d5 2. c4 e6 3. Nf3 Nf6 4. Nc3 dxc4 5. e4 b5 6. e5 Nd5 7. Nxb5 Nb6 8. Be2 Nc6 9. O-O Be7 10. Be3 O-O 11. a3 Bb7 12. Qc2 Na5 13. Nc3 Qd7 14. Rad1 Nd5 15. Bg5 h6 16. Bxe7 Qxe7 17. Ne4 Nf4 18.
Rfe1 Nxe2+ 19. Qxe2 Rfd8 20. Nc5 Bd5 21. Nd2 Rab8 22.
Nb1 Nb3 23. Nc3 Nxc5 24. dxc5 Qxc5 25. Qg4 Ba8 26. Ne4 Bxe4 27. Qxe4 Rd5 28. Rxd5 Qxd5 29. Qc2 Qd3 30. Rc1 Rb5 31. Qxc4 Qd2 32. Qxc7 Rxb2 33.
Rf1 Ra2 34. Qxa7 Qb2 35. Qa8+ Kh7 36. Qe4+ g6 37. Qf4 Kg8 38. Qxh6 Qxe5 39. Qh3 Qb2 40.
Qd3 Rxa3 41. Qd8+ Kg7 42. Qd1 Qf6 43. Qg4 Ra2 44. h4 Rd2 45. h5 Rd4 46. Qg3 Rd5 47. hxg6 Qxg6 48. Qxg6+ Kxg6 49. g3 Rd2 50. Kg2 Rd5 51.
Rb1 f5 52. Rb6 Kf6 53. Kh3 Rd4 54. f3 Rd3 55. f4 Rd1 56. Ra6 Rh1+ 57. Kg2 Rc1 58.
Ra2 Rc3 59. Re2 Rc4 60. Re3 Rc5 61. Kf3 e5 62. fxe5+ Rxe5 63. Ra3 Re6 64. Ra5 Rc6 65. Kg2 Rc2+ 66. Kh3 Rc4 67. Ra6+ Kg5 68. Ra3 Rb4 69. Rf3 Rg4 70. Ra3 Re4 71. Ra8 Re6 72. Rg8+ Rg6 73.
Rf8 Rf6 74. Rg8+ Rg6 75. Rf8 Rf6 76. Rg8+ Rg6 1/2-1/2

[Event "Late-Titled-Tuesday-Blitz-March-19-2024"]
[Site "Chess.com"]
[Date "2024.03.19"]
[Round "2"]
[White "ashookk"]
[Black "kikoveiga"]
[Result "1-0"]
[WhiteElo "2336"]
[BlackElo "2533"]
[TimeControl "180+1"]
[EndTime "14:19:42 PDT"]
[Termination "ashookk won by resignation"]

1. Nf3 Nf6 2. c4 g6 3. Nc3 Bg7 4. e4 d6 5. d4 O-O 6. Be2 e5 7. O-O exd4 8. Nxd4 Re8 9. f3 c6 10. Nb3 Be6 11. Bf4 d5 12. cxd5 cxd5 13. Nc5 Nc6 14. Nxe6 fxe6 15. exd5 exd5 16. Qb3 Nd4 17. Qd1 Qb6 18. Kh1 Nxe2 19. Nxe2 Qxb2 20. Ng3 b6 21. Bg5 Rad8 22. Qa4 a5 23. Rad1 d4 24. Rd2 Qc3 25.
Rfd1 h6 26. Bxf6 Bxf6 27. Ne4 Rxe4 28. fxe4 d3 29. Qb3+ Qxb3 30. axb3 Rd4 31. Rxd3 Rxe4 32. Rd6 Kf7 33. Rxb6 a4 34. bxa4 Rxa4 35. g3 h5 36. Rd7+ Be7 37. Rbb7 Re4 38. Kg2 Kf6 39. Kf3 Re1 40.
Rb6+ Kf7 41. h3 Re5 42. Rbb7 Re1 43. g4 hxg4+ 44. hxg4 Re6 45. Kf4 Re1 46. Rdc7 Rf1+ 47. Kg3 Re1 48. Kf2 Re5 49. Rd7 Re4 50. Rd5 Re6 51. Kf3 Re1 52. Rd4 Rf1+ 53. Kg2 Re1 54. Kf2 Re6 55. Rf4+ Kg7 56. Kf3 Re1 57. Re4 Rxe4 58.
Kxe4 Kf6 59. Kf4 Bd6+ 60. Ke4 Kg5 61. Rb6 Be7 62. Kf3 Bf6 63. Rb5+ Kh6 64. Kg3 g5 65. Kf3 Kg6 66. Ke4 Bg7 67. Rb6+ Bf6 68. Kd5 Kf7 69. Ke4 Kg6 70. Rc6 Kf7 71. Kf5 Be7 72. Rg6 Bd8 73. Rh6 Be7 74. Rh7+ Kf8 75. Kg6 Ke8 76. Rh8+ Kd7 77. Rh7 Ke8 78. Rxe7+ Kxe7 79. Kxg5 Kf8 80. Kg6 Kg8 81. g5 Kf8 82. Kh7 Kf7 83. g6+ 1-0

[Event "Late-Titled-Tuesday-Blitz-March-19-2024"]
[Site "Chess.com"]
[Date "2024.03.19"]
[Round "2"]
[White "Josetricks"]
[Black "ChristopherYoo"]
[Result "0-1"]
[WhiteElo "2542"]
[BlackElo "2946"]
[TimeControl "180+1"]
[EndTime "14:19:51 PDT"]
[Termination "ChristopherYoo won by checkmate"]

1. e4 c6 2. Nf3 d5 3. Nc3 Bg4 4. h3 Bh5 5. g4 Bg6 6. exd5 cxd5 7. d4 Nc6 8. Bb5 e6 9. Ne5 Rc8 10. h4 f6 11. Nxg6 hxg6 12. Qf3 Bb4 13. Bxc6+ Rxc6 14. Bd2 Ne7 15. O-O-O Qa5 16. Kb1 Ra6 17.
Kc1 Bxc3 18. Bxc3 Qxa2 19. Kd2 Qc4 20. Ra1 Nc8 21. Rae1 Kd7 22. Qe3 Re8 23. h5 Nd6 24. f3 gxh5 25. Rxh5 Qc7 26. Qd3 Nc4+ 27. Ke2 Qg3 28. Rf1 Rc6 29. Rh7 Re7 30. Bb4 Nd6 31. Be1 Qg2+ 32. Rf2 Qg1 33. Rf1 Qg2+ 34. Rf2 Qg3 35.
Rfh2 Qg1 36. Rh1 Qg2+ 37. Bf2 e5 38. R1h2 e4 39. Rxg2 exd3+ 40. Kxd3 Nc4 41. b3 Na3 42. Be3 b5 43. g5 b4 44. gxf6 Rc3+ 45. Kd2 Rxc2+ 46.
Kd1 Rxg2 47. fxe7 Kxe7 48. Rh5 Nb5 49. Ke1 Nc3 50. Bf2 Rg6 51. Rh8 Re6+ 52. Kf1 Rb6 53. Ra8 Rb7 54. Bg3 Kf7 55. Be5 Na2 56. Kf2 Nc1 57.
Bb8 a5 58. Be5 Nxb3 59. Ke2 Nc1+ 60. Kd2 Na2 61. Kc2 b3+ 62. Kb2 Nb4 63. Rxa5 Nd3+ 64. Kb1 b2 65. Ra3 Nxe5 66. dxe5 Ke6 67. f4 Kf5 68.
Rd3 Ke4 69. Rd2 Kxf4 70. Rxd5 g5 71. e6 Re7 72. Rd6 g4 73. Kxb2 g3 74. Rd4+ Ke3 75. Rg4 Kf3 76. Rg6 g2 77. Kc3 Rxe6 78. Rxe6 g1=Q 79. Rf6+ Ke4 80. Re6+ Kd5 81. Re2 Qc1+ 82. Kd3 Qa3+ 83. Kd2 Kd4 84. Ke1 Qg3+ 85. Kd1 Qf3 86.
Ke1 Qh1+ 87. Kd2 Qg1 88. Kc2 Qf1 89. Kd2 Qa1 90. Re1 Qb2+ 91. Kd1 Kd3 92. Re2 Qb1# 0-1

[Event "Late-Titled-Tuesday-Blitz-March-19-2024"]
[Site "Chess.com"]
[Date "2024.03.19"]
[Round "2"]
[White "ACollins05"]
[Black "Chempiblinka"]
[Result "1/2-1/2"]
[WhiteElo "2551"]
[BlackElo "2336"]
[TimeControl "180+1"]
[EndTime "14:20:00 PDT"]
[Termination "Game drawn by stalemate"]

1. d4 Nf6 2. c4 g6 3. Nc3 Bg7 4.
e4 d6 5. h3 O-O 6. Bg5 c5 7. d5 b5 8. cxb5 Qa5 9. Bd2 a6 10. a4 Qb4 11. Bd3 Nfd7 12. Nge2 Ne5 13. Bc2 Nc4 14. Rb1 Nxd2 15. Qxd2 axb5 16. Nxb5 Na6 17.
Nec3 Bd7 18. O-O Bxb5 19. axb5 Nc7 20. Qg5 Bf6 21. Qe3 Nxb5 22. Nxb5 Qxb5 23. Bd3 Qb3 24. Qe2 Ra2 25. Bc4 Rxb2 26. Rxb2 Qxb2 27. Qxb2 Bxb2 28. Rb1 Rb8 29. Kf1 Rb4 30. Be2 Kg7 31. f3 Kf6 32.
Bd3 Ke5 33. Ke2 Kd4 34. Ba6 c4 35. Kd2 Bc3+ 36. Kc2 Ra4 37. Rd1+ Kc5 38. Kxc3 Rxa6 39. Rb1 Ra3+ 40. Kc2 Ra2+ 41. Kc3 Ra3+ 42. Kc2 Kd4 43. Rd1+ Ke3 44. Rb1 Kd4 45. Rd1+ Rd3 46. Ra1 h5 47.
Ra7 Re3 48. Rxe7 Re2+ 49. Kd1 Rxg2 50. e5 Kxd5 51. exd6 Kxd6 52. Rxf7 Kd5 53. f4 Kd4 54. f5 g5 55. f6 g4 56. hxg4 hxg4 57. Rg7 Kd3 58.
Rd7+ Kc3 59. Rg7 Rf2 60. Rxg4 Rxf6 61. Rg3+ Kb4 62. Kc2 Rf2+ 63. Kc1 Rh2 64. Rf3 Rg2 65. Rh3 Rf2 66. Rg3 Re2 67. Rh3 Re7 68. Kc2 Rg7 69. Rf3 Rg2+ 70. Kc1 Rg4 71. Rh3 Rd4 72. Kc2 Rd6 73.
Rg3 Ra6 74. Rh3 Ra2+ 75. Kb1 Rd2 76. Kc1 Rg2 77. Rf3 Rh2 78. Rg3 Ra2 79. Rh3 Ra1+ 80. Kb2 Rd1 81. Kc2 Re1 82. Rg3 Rf1 83.
Rh3 Rf2+ 84. Kc1 Rf4 85. Kc2 Rf5 86. Rg3 Ra5 87. Rh3 Ra2+ 88. Kb1 Rd2 89. Kc1 Rd3 90. Rxd3 cxd3 91. Kd2 Kc4 92. Kd1 Kd4 93. Kd2 Ke4 94. Kd1 Ke3 95. Ke1 d2+ 96. Kd1 Kd3 1/2-1/2

[Event "Late-Titled-Tuesday-Blitz-March-19-2024"]
[Site "Chess.com"]
[Date "2024.03.19"]
[Round "2"]
[White "Szparu"]
[Black "biostatistician"]
[Result "1-0"]
[WhiteElo "2801"]
[BlackElo "2579"]
[TimeControl "180+1"]
[EndTime "14:20:27 PDT"]
[Termination "Szparu won on time"]

1. e4 e5 2. Nf3 Nc6 3. Bb5 Nf6 4. d3 d6 5. c3 Bd7 6. O-O g6 7. Re1 Bg7 8. Nbd2 O-O 9. Nf1 Nh5 10. Ba4 Qe8 11.
Ne3 Nf4 12. Bb3 Kh8 13. Nd5 Nxd5 14. exd5 Ne7 15. d4 f6 16. Bc2 Nxd5 17. dxe5 Qf7 18.
exd6 cxd6 19. Bb3 Bc6 20. Bf4 Rfe8 21. Qd2 g5 22. Bg3 g4 23. Nd4 Qd7 24. Nxc6 bxc6 25.
Bxd5 cxd5 26. Qxd5 Rxe1+ 27. Rxe1 Re8 28. Rd1 Bf8 29.
Qd4 Qe6 30. Rf1 a6 31. a4 d5 32. b4 Bg7 33. b5 axb5 34. axb5 f5 35. Qd2 Rc8 36.
Re1 Bxc3 37. Rxe6 Bxd2 38. Be5+ Kg8 39. h4 Rc1+ 40. Kh2 Re1 41. g3 Bc3 42. b6 Bxe5 43.
b7 Rb1 44. Rxe5 Rxb7 45. Rxf5 Rf7 46. Rg5+ Kf8 47. Kg2 d4 48. Rxg4 Rd7 49. Kf1 Kf7 50.
Ke2 Kf6 51. Kd3 Kf5 52. Rxd4 Ra7 53. Rf4+ Ke5 54. Ke2 h5 55. Kf3 Ra3+ 56. Kg2 Ra5 57. Rb4 Kf5 58. Rb3 Rc5 59. Re3 Rd5 60. Kf3 Rc5 61.
Rd3 Rb5 62. Rc3 Ra5 63. Ke3 Re5+ 64. Kd4 Ra5 65. f3 Ra4+ 66. Rc4 Ra3 67. Rc5+ Kg6 68.
Rg5+ Kh6 69. Rf5 Ra4+ 70. Ke3 Ra3+ 71. Kf2 Ra4 72. Kg2 Ra3 73. Kh3 Rb3 74. Rf4 Kg6 75.
g4 hxg4+ 76. Kxg4 Rb6 77. h5+ Kh6 78. Rf5 Rb4+ 79. f4 Rb6 80. Rd5 Ra6 81. Rd8 Rb6 82.
Rh8+ Kg7 83. Re8 Kh6 84. Re5 Ra6 85. Re4 Rb6 86. f5 Rb1 87. Re6+ Kg7 88. h6+ Kh7 89. Kg5 Rg1+ 90. Kf6 Kxh6 91. Ke7+ Kg5 92. f6 Re1 93. Rxe1 1-0

[Event "Late-Titled-Tuesday-Blitz-March-19-2024"]
[Site "Chess.com"]
[Date "2024.03.19"]
[Round "2"]
[White "Muracle"]
[Black "Alex_Sahakyan2006"]
[Result "1/2-1/2"]
[WhiteElo "2590"]
[BlackElo "2806"]
[TimeControl "180+1"]
[EndTime "14:20:39 PDT"]
[Termination "Game drawn by repetition"]

1. d4 Nf6 2. Nf3 g6 3. g3 Bg7 4.
Bg2 O-O 5. O-O d6 6. c4 Nc6 7. d5 Na5 8. Qa4 c5 9. Bd2 b6 10. Bc3 Bd7 11. Qc2 Bf5 12. Qa4 Bd7 13. Qc2 b5 14.
cxb5 Bxb5 15. Na3 Bd7 16. e4 Rb8 17. Rfe1 Bg4 18. Nd2 Bh6 19. f4 Bd7 20. h3 Qb6 21. Kh2 Rfc8 22. e5 Bf5 23. Qa4 dxe5 24. fxe5 Nxd5 25.
Bxd5 Qd8 26. Bxf7+ Kxf7 27. Qxa5 Qxa5 28. Bxa5 Rxb2 29.
Nc4 Rc2 30. Rec1 Rb8 31. Rxc2 Bxc2 32. Rc1 Bd3 33. Rc3 Bf5 34. g4 Be6 35. Rf3+ Ke8 36. Bc3 Bd5 37. Rf1 Rd8 38. Rf2 Bc6 39. h4 Rd3 40.
Bb2 g5 41. h5 Bd7 42. Rg2 Bc6 43.
Rg3 Rd7 44. e6 Rb7 45. Rb3 Rxb3 46. Nxb3 Bd5 47. Ne3 Bxe6 48. Nxc5 Bxa2 49. Nf5 Bf8 50. Bc1 h6 51. Bb2 e6 52. Ng7+ Kf7 53. Nd7 Bxg7 54. Ne5+ Bxe5+ 55. Bxe5 Bd5 56. Kg3 a5 57. Kf2 a4 58.
Ke3 a3 59. Ba1 a2 60. Bb2 Ke7 61. Be5 Kd7 62. Bb2 Kc6 63. Kd2 Bf3 64. Kc1 Bxg4 65. Bg7 Bxh5 66. Kb2 Bg6 67. Bxh6 g4 68. Kxa2 g3 69.
Kb2 g2 70. Be3 Kd5 71. Kc1 Ke4 72. Kd2 Bh5 73. Bg1 Kf3 74. Ke1 e5 75. Bh2 e4 76.
Bg1 e3 77. Bh2 Bg6 78. Bg1 Bd3 79. Bh2 Bf1 80. Bg1 Bb5 81. Bh2 e2 82. Bg1 Kg3 83. Kd2 Kf3 84. Ke1 Ke4 85. Bh2 Ke3 86. Bg1+ Kd3 87.
Bh2 Ke3 88. Bg1+ Ke4 89. Bh2 Kf5 90. Bg1 Kf4 91. Kf2 Ke4 92. Bh2 Kd3 93. Ke1 Kc2 94. Bg1 Bd3 95. Bf2 Kb3 96. Bg1 Kc4 97. Bh2 Kb5 98.
Bg1 Ka6 99. Bh2 Kb7 100. Bg1 Kc8 101. Bf2 Kd7 102. Bg1 Ke6 103. Bh2 Kf5 104. Bg1 Kg4 105. Kf2 Kh3 106. Ke1 Kg3 107. Kd2 Kf3 108. Ke1 Ke4 109. Bh2 Ba6 110. Bg1 Kf4 111. Bh2+ Kf3 112. Bg1 Kg3 113. Kd2 Kh3 114. Ke1 Kg4 115. Kd2 Kf5 116. Ke1 Ke4 117. Kd2 Kf3 118. Ke1 Kf4 119. Bh2+ Ke4 120. Bg1 Kd3 121. Bh2 Ke4 1/2-1/2

[Event "Late-Titled-Tuesday-Blitz-March-19-2024"]
[Site "Chess.com"]
[Date "2024.03.19"]
[Round "2"]
[White "NovakCabarkapa"]
[Black "valeriocarnicelli"]
[Result "1-0"]
[WhiteElo "2765"]
[BlackElo "2551"]
[TimeControl "180+1"]
[EndTime "14:20:46 PDT"]
[Termination "NovakCabarkapa won on time"]

1. d4 Nf6 2. Nc3 d5 3. Bf4 a6 4. e3 e6 5. g4 Bb4 6. g5 Ne4 7. Ne2 Nxg5 8. Bg2 O-O 9. a3 Bd6 10. Bxd6 cxd6 11. f4 Ne4 12. Nxe4 dxe4 13. Bxe4 d5 14.
Bd3 Bd7 15. a4 Nc6 16. c3 f5 17. Ng1 Be8 18. Qf3 Kh8 19. h4 Rc8 20. h5 Qb6 21.
Qg2 Rg8 22. Nf3 h6 23. b4 Nxb4 24. cxb4 Qxb4+ 25. Qd2 Rc3 26. Ne5 Kh7 27. Ke2 Qa5 28.
Rac1 Rxc1 29. Qxc1 Bxa4 30. Rg1 Bb5 31. Bxb5 Qxb5+ 32. Kf3 Qe8 33. Rg6 Qe7 34. Qc5 Qh4 35. Rg2 Qxh5+ 36.
Kf2 Qh4+ 37. Kf1 Qh1+ 38. Rg1 Qh3+ 39. Kf2 Qh2+ 40. Rg2 Qh4+ 41. Ke2 Qh5+ 42. Nf3 Qh1 43. Rh2 Qb1 44. Nd2 Qb5+ 45. Qxb5 axb5 46. Rh1 Kg6 47.
Rb1 Kf6 48. Rxb5 g5 49. fxg5+ hxg5 50. Rxb7 g4 51. Rh7 Kg6 52. Rh1 Kg5 53. Rg1 f4 54.
exf4+ Kxf4 55. Rf1+ Kg5 56. Rg1 Kf4 57. Rf1+ Kg5 58. Ke3 Rh8 59. Rf7 Rh3+ 60. Ke2 Rh2+ 61. Ke3 Rh3+ 62. Ke2 Rh2+ 63. Ke1 Rh1+ 64. Nf1 Rh3 65.
Re7 Kf6 66. Re8 Rd3 67. Rf8+ Kg5 68. Rg8+ Kf5 69. Ke2 Rxd4 70. Ne3+ Ke5 71. Nxg4+ Kd6 72.
Ne3 Re4 73. Kd3 Ra4 74. Rg6 Ra3+ 75. Kd2 Ra4 76. Nc2 Ra2 77. Rh6 Ra4 78. Kd3 Rg4 79.
Ne3 Rg3 80. Kd2 Rg8 81. Nf5+ Ke5 82. Ne3 Kd6 83. Kd3 Ke5 84. Ke2 Ra8 85. Kf3 Ra3 86.
Rh5+ Kd6 87. Ke2 Ra2+ 88. Kd3 Ra3+ 89. Kd2 Ra2+ 90. Nc2 Ra4 91. Rh6 Ke5 92. Kc3 Rg4 93. Rh5+ Kd6 94. Nd4 Rg3+ 95. Kd2 Rg4 96. Ke3 Re4+ 97. Kd3 Rg4 98. Rh6 Re4 99. Rg6 Re5 100.
Nf3 Re4 101. Ng5 Re1 102. Kd2 Rg1 103. Nf7+ Ke7 104. Rxg1 1-0

[Event "Late-Titled-Tuesday-Blitz-March-19-2024"]
[Site "Chess.com"]
[Date "2024.03.19"]
[Round "3"]
[White "IMchanged"]
[Black "kylelancman"]
[Result "1-0"]
[WhiteElo "2654"]
[BlackElo "2465"]
[TimeControl "180+1"]
[EndTime "14:22:34 PDT"]
[Termination "IMchanged won by resignation"]

1. e4 c5 2. Nf3 g6 3. h4 h5 4. Bc4 Bg7 5. d3 d6 6. Nc3 Bg4 7. Be3 Nc6 8. Qd2 Bxf3 9. gxf3 Nd4 10. O-O-O Nxf3 11. Qe2 Nd4 12. Bxd4 cxd4 13. Nd5 Qd7 14. Bb5 1-0

[Event "Late-Titled-Tuesday-Blitz-March-19-2024"]
[Site "Chess.com"]
[Date "2024.03.19"]
[Round "3"]
[White "Roedor"]
[Black "Payyappat"]
[Result "1-0"]
[WhiteElo "2307"]
[BlackElo "2519"]
[TimeControl "180+1"]
[EndTime "14:23:03 PDT"]
[Termination "Roedor won by resignation"]

1. c4 c5 2. g3 Nc6 3. Bg2 Nf6 4. Nc3 g6 5. Nf3 Bg7 6. O-O O-O 7. d4 cxd4 8. Nxd4 a6 9. c5 Qa5 10. Nb3 Qc7 11.
Bf4 e5 12. Bg5 Rd8 13. Bxf6 Bxf6 14. Nd5 Qb8 15. Nxf6+ Kg7 16. Ne4 b6 17. Qd6 bxc5 18.
Qf6+ Kg8 19. Ng5 Rf8 20. Bd5 1-0

[Event "Late-Titled-Tuesday-Blitz-March-19-2024"]
[Site "Chess.com"]
[Date "2024.03.19"]
[Round "3"]
[White "egnfanclub"]
[Black "MoldyTofu"]
[Result "1-0"]
[WhiteElo "2388"]
[BlackElo "2071"]
[TimeControl "180+1"]
[EndTime "14:23:37 PDT"]
[Termination "egnfanclub won by resignation"]

1. e4 e5 2. Nf3 Nc6 3. Bc4 Nf6 4. d4 Nxd4 5. Bxf7+ Kxf7 6. Nxe5+ Ke8 7. Qxd4 d6 8.
Nf3 Bg4 9. Nc3 Be7 10. Be3 h6 11. O-O-O c5 12. Qc4 a6 13. a4 Qa5 14. Rhe1 Rb8 15.
e5 dxe5 16. Nxe5 Bxd1 17. Qf7+ Kd8 18. Rxd1+ 1-0

[Event "Late-Titled-Tuesday-Blitz-March-19-2024"]
[Site "Chess.com"]
[Date "2024.03.19"]
[Round "3"]
[White "Charodej1"]
[Black "PNEPaul"]
[Result "1-0"]
[WhiteElo "2367"]
[BlackElo "1988"]
[TimeControl "180+1"]
[EndTime "14:23:38 PDT"]
[Termination "Charodej1 won by resignation"]

1. e4 e5 2. Nf3 Nc6 3. Bb5 f5 4.
Nc3 Nf6 5. Qe2 Be7 6. Bxc6 dxc6 7.
Nxe5 O-O 8. Qc4+ Kh8 9. Nf7+ Rxf7 10. Qxf7 fxe4 11. d3 Bf5 12. dxe4 Bxe4 13. Nxe4 Nxe4 14. O-O Bd6 15. Be3 Qh4 16. g3 Qh3 17. Qf3 Rf8 18. Qxe4 1-0

[Event "Late-Titled-Tuesday-Blitz-March-19-2024"]
[Site "Chess.com"]
[Date "2024.03.19"]
[Round "3"]
[White "CuteSheepCloud"]
[Black "Inepton_Fermion"]
[Result "1-0"]
[WhiteElo "2653"]
[BlackElo "2462"]
[TimeControl "180+1"]
[EndTime "14:23:39 PDT"]
[Termination "CuteSheepCloud won by checkmate"]

1. e4 g6 2. d4 Bg7 3. Nc3 d5 4. exd5 Nf6 5. Bc4 Nbd7 6. Bb3 Nb6 7. Nf3 O-O 8. O-O a5 9. a4 Nfxd5 10. Nxd5 Nxd5 11.
Re1 Bg4 12. h3 Bxf3 13. Qxf3 c6 14. c3 e6 15. g3 Qc7 16. h4 h5 17. Bc2 Rae8 18.
Bd2 e5 19. dxe5 Bxe5 20. Rad1 Bg7 21. Bb3 Rxe1+ 22. Rxe1 Rd8 23. Bg5 Rd7 24. Re8+ Kh7 25. Qxh5+ gxh5 26. Bc2+ f5 27. Bxf5# 1-0

[Event "Late-Titled-Tuesday-Blitz-March-19-2024"]
[Site "Chess.com"]
[Date "2024.03.19"]
[Round "3"]
[White "DryCounty"]
[Black "Marcan2b"]
[Result "0-1"]
[WhiteElo "2656"]
[BlackElo "2921"]
[TimeControl "180+1"]
[EndTime "14:23:48 PDT"]
[Termination "Marcan2b won by resignation"]

1. e4 c5 2. Nf3 Nc6 3. d4 cxd4 4.
Nxd4 Nf6 5. Nc3 e5 6. Ndb5 d6 7. Bg5 a6 8. Na3 Be6 9. Nc4 Rb8 10. Bxf6 Qxf6 11. Nd5 Bxd5 12. Qxd5 Nb4 13. Qd2 d5 14. exd5 Rd8 15. d6 Bxd6 16. O-O-O Be7 17.
Qe3 Nxa2+ 18. Kb1 Rxd1+ 19. Kxa2 O-O 0-1

[Event "Late-Titled-Tuesday-Blitz-March-19-2024"]
[Site "Chess.com"]
[Date "2024.03.19"]
[Round "3"]
[White "expii"]
[Black "albi1999"]
[Result "0-1"]
[WhiteElo "2203"]
[BlackElo "2581"]
[TimeControl "180+1"]
[EndTime "14:24:00 PDT"]
[Termination "albi1999 won by resignation"]

1. e4 c5 2. Nf3 a6 3. d4 cxd4 4. Nxd4 Nf6 5. Nc3 e5 6. Nde2 Bc5 7. Ng3 d6 8. Be2 O-O 9. O-O Nc6 10. h3 Be6 11. Bg5 h6 12. Bxf6 Qxf6 13. Nd5 Qg5 14. Kh2 Nd4 15. c3 Nxe2 16. Qxe2 Bxd5 17. exd5 f5 18. Qh5 Qxh5 19. Nxh5 f4 20. g4 g6 0-1

[Event "Late-Titled-Tuesday-Blitz-March-19-2024"]
[Site "Chess.com"]
[Date "2024.03.19"]
[Round "3"]
[White "SoltaniciR"]
[Black "NoSpaghettiForYou"]
[Result "1-0"]
[WhiteElo "2635"]
[BlackElo "2430"]
[TimeControl "180+1"]
[EndTime "14:24:17 PDT"]
[Termination "SoltaniciR won by resignation"]

1. e4 c5 2. Nf3 e6 3. Nc3 Nc6 4.
d4 cxd4 5. Nxd4 Qc7 6. Be2 a6 7.
O-O Nf6 8. Be3 Be7 9. f4 d6 10. g4 b5 11. Nxc6 Qxc6 12. Bf3 Nd7 13. e5 d5 14.
Nxd5 exd5 15. Bxd5 Qg6 16. Bxa8 h5 17. g5 f6 18. f5 Qh7 19. g6 Qg8 20. e6 1-0

[Event "Late-Titled-Tuesday-Blitz-March-19-2024"]
[Site "Chess.com"]
[Date "2024.03.19"]
[Round "3"]
[White "jcibarra"]
[Black "secretworker2027"]
[Result "1-0"]
[WhiteElo "2927"]
[BlackElo "2643"]
[TimeControl "180+1"]
[EndTime "14:24:19 PDT"]
[Termination "jcibarra won by resignation"]

1. e4 c5 2. Nf3 Nc6 3. Nc3 Nf6 4.
d4 cxd4 5. Nxd4 e5 6. Ndb5 d6 7. Bg5 a6 8. Na3 Be7 9. Nc4 O-O 10. Bxf6 Bxf6 11. Qxd6 Be6 12. O-O-O Nd4 13. Qxd8 Rfxd8 14. Kb1 Nb5 15. Nd5 Bxd5 16. exd5 e4 17. Nb6 Rab8 18. Bxb5 axb5 19. d6 Be5 20. d7 Bc7 21. Nd5 Bd6 22.
Nc3 1-0

[Event "Late-Titled-Tuesday-Blitz-March-19-2024"]
[Site "Chess.com"]
[Date "2024.03.19"]
[Round "3"]
[White "AndresDelgado77"]
[Black "Andrei_Skvortsov"]
[Result "1-0"]
[WhiteElo "2350"]
[BlackElo "2697"]
[TimeControl "180+1"]
[EndTime "14:24:19 PDT"]
[Termination "AndresDelgado77 won by resignation"]

1. e4 e5 2. Nc3 Nf6 3. d4 exd4 4.
Qxd4 Nc6 5. Qc4 Bb4 6. Bd2 O-O 7. O-O-O d6 8. f3 Be6 9. Qe2 Nd4 10. Qf2 c5 11. a3 Ba5 12. Nge2 Nc6 13. Bg5 h6 14.
Bh4 Qe7 15. Bxf6 Qxf6 16. Rxd6 Bc7 17. Nd5 Qe5 18. Nxc7 Qd5 19. exd5 1-0

[Event "Late-Titled-Tuesday-Blitz-March-19-2024"]
[Site "Chess.com"]
[Date "2024.03.19"]
[Round "3"]
[White "valeriocarnicelli"]
[Black "maciek_92"]
[Result "0-1"]
[WhiteElo "2549"]
[BlackElo "2889"]
[TimeControl "180+1"]
[EndTime "14:24:27 PDT"]
[Termination "maciek_92 won by resignation"]

1. e4 c5 2. Nf3 e6 3. d4 cxd4 4. Nxd4 Nc6 5. Nc3 a6 6. Be3 Nf6 7. g4 Bb4 8. Bg2 d5 9. Nxc6 bxc6 10. g5 Nd7 11. O-O O-O 12. h4 Bc5 13. exd5 cxd5 14.
Nxd5 exd5 15. Qxd5 Bxe3 16. Qxa8 Bb6 17. Rad1 Qc7 18. c3 Ne5 19. Qe4 Ng4 0-1